AoeStats
← Evinrude

Arena

509585508Analyzed
1v1 RM · 6d ago on Sep 27, 2026· 52m 17s· 2 players
Game mode
Random Map
Map size
Tiny (2 player)
Population
200
Speed
Normal
Resources
Standard
Victory
Conquest
Starting age
Dark Age
Ending age
Imperial Age
RankedLock teamsTeams togetherTeam positionsShared explorationLock speedFull tech treeHidden civsTurbo modeCheats
Victory
Defeat
🇵🇱 Poles · Poland
612
+13
🇫🇷 Bohemians · France
551
-13
Evinrude
10:03 Feudal Age
12:21 Double-Bit Axe
19:07 Castle Age
19:21 Horse Collar
22:55 Husbandry
25:19 Wheelbarrow
27:19 Forging
27:16 Scale Barding Armor
30:30 Pikeman
31:43 Ballistics
32:06 Iron Casting
37:25 Imperial Age
35:53 Murder Holes
37:31 Masonry
39:14 Hand Cart
41:03 Chemistry
43:40 Conscription
43:51 Bow Saw
44:53 Blast Furnace
50:03 Elite Hussite Wagon
51:59 Halberdier
who_likes_cookies
0:46 Loom
11:21 Feudal Age
14:32 Double-Bit Axe
14:31 Horse Collar
17:05 Bloodlines
20:59 Castle Age
26:36 Murder Holes
27:02 Ballistics
27:03 Szlachta Privileges
32:32 Scale Mail Armor
32:44 Arson
33:55 Squires
34:09 Forging
33:52 Fletching
39:53 Iron Casting
44:04 Imperial Age
42:12 Bow Saw
42:06 Heavy Plow
44:00 Wheelbarrow
43:10 Town Watch
45:11 Cavalier
48:43 Blast Furnace
47:49 Scale Barding Armor
47:59 Chain Mail Armor
47:40 Bodkin Arrow
47:42 Elite Obuch
50:55 Hand Cart
50:41 Town Patrol
51:06 Chain Barding Armor
Connection lost

Rejoining the realm…

Still unreachable

The connection could not be restored.

Session expired

The server has moved on; the page needs a fresh start.